 Dungeon Crawl Stone Soup version 0.29.1 (webtiles) character file.

Game seed: 17551832943309108391

8733 Icepheonix32 the Scorcher (level 11, -10/86 HPs)
             Began as a Pale Draconian Fire Elementalist on Sept 12, 2022.
             Was a Believer of Qazlal.
             Mangled by a boulder beetle (23 damage)
             ... on level 11 of the Dungeon.
             The game lasted 00:27:49 (11292 turns).

Icepheonix32 the Scorcher (DrFE)                   Turns: 11292, Time: 00:27:49

Health: -10/86     AC: 12    Str: 11    XL:     11   Next: 13%
Magic:  3/18       EV: 13    Int: 20    God:    Qazlal [**....]
Gold:   281        SH:  3    Dex: 11    Spells: 3/20 levels left

rFire   . . .      SeeInvis .   G - +5 dire flail (freeze)
rCold   . . .      Faith    .   (shield currently unavailable)
rNeg    . . .      Spirit   .   (body armour unavailable)
rPois   .          Reflect  .   p - +2 hat
rElec   .          Harm     .   C - +2 cloak
rCorr   .          Rampage  .   (no gloves)
Will    .....                   (no boots)
Stlth   +.........              q - amulet of magic regeneration
HPRegen 0.24/turn               (no ring)
MPRegen 0.56/turn               (no ring)

@: about to teleport
A: breathe steam, AC +7, unfitting armour, cold-blooded, steam resistance,
robust 1
a: Breathe Steam, Renounce Religion, Upheaval


You were on level 11 of the Dungeon.
You worshipped Qazlal.
Qazlal was pleased with you.
You visited 2 branches of the dungeon, and saw 12 of its levels.

You collected 469 gold pieces.
You spent 188 gold pieces at shops.

Inventory:

Hand Weapons
 c - a +0 dagger of pain
 k - a +2 antimagic dagger
 m - a +1 hand axe of holy wrath
 y - a +0 falchion of holy wrath
 B - a +0 vampiric short sword
 G - a +5 dire flail of freezing (weapon)
Missiles
 g - 2 curare-tipped darts
 s - 11 boomerangs
 u - 10 poisoned darts
Armour
 p - a +2 hat (worn)
 C - a +2 cloak (worn)
Jewellery
 b - an amulet of guardian spirit
 q - an amulet of magic regeneration (around neck)
 H - a ring of protection from fire
Wands
 o - a wand of polymorph (8)
 r - a wand of charming (2)
 v - a wand of flame (5)
 E - a wand of light (3)
Scrolls
 d - 2 scrolls of fog
 e - 3 scrolls of blinking
 h - a scroll of summoning
 i - a scroll of amnesia
 w - a scroll of noise
 I - a scroll of identify
 K - a scroll of magic mapping {unknown}
Potions
 a - 3 potions of magic
 j - 3 potions of flight {unknown}
 l - a potion of invisibility
 n - 2 potions of heal wounds
 t - 5 potions of curing
 x - 2 potions of cancellation {unknown}
 z - a potion of might
 A - a potion of brilliance
 D - a potion of resistance
 F - a potion of lignification
 J - a potion of attraction


   Skills:
 + Level 2.1 Fighting
 + Level 1.3 Short Blades
 + Level 0.5 Maces & Flails
 + Level 4.0 Dodging
 - Level 2.1 Stealth
 + Level 1.0 Shields
 - Level 5.0 Spellcasting
 + Level 7.2 Conjurations
 * Level 1.9 Hexes
 * Level 15.1 Fire Magic


You had 3 spell levels left.
You knew the following spells:

 Your Spells              Type           Power      Damage    Failure   Level
a - Foxfire               Conj/Fire      100%       2x1d9     1%          1
b - Scorch                Fire           100%       2d10      1%          2
c - Conjure Flame         Conj/Fire      49%        6-21      1%          3
d - Flame Wave            Conj/Fire      49%        2d12      1%          4
e - Inner Flame           Hex/Fire       39%        N/A       1%          3
f - Tukima's Dance        Hex            12%        N/A       16%         3
g - Slow                  Hex            48%        N/A       5%          1

Your spell library contained the following spells:

 Spells                   Type           Power      Damage    Failure   Level
 Confusing Touch          Hex            12%        N/A       16%         3
 Portal Projectile        Hex/Tloc       16%        N/A       24%         3
 Vampiric Draining        Necr           5%         2d6       34%         3
 Leda's Liquefaction      Hex/Erth       4%         N/A       61%         4
 Blade Hands              Tmut           2%         N/A       97%         5
 Lee's Rapid Deconstruct  Erth           2%         3d6*      97%         5
 Statue Form              Tmut/Erth      3%         N/A       100%        6


Dungeon Overview and Level Annotations

Branches:
Dungeon (11/15)            Temple (1/1) D:5            Lair (0/5) D:9
    Orc (0/2) D:9

Altars:
Ashenzari
Cheibriados
Dithmenos
Elyvilon
Fedhas
Gozag
Hepliaklqana
Kikubaaqudgha
Makhleb
Nemelex Xobeh
Okawaru
Qazlal
Ru
Sif Muna
Trog
Uskayaw
Vehumet
Wu Jian
Xom
Yredelemnul
Zin
The Shining One

Shops:
D:1 :   D:11 ?*

Annotations:
D:10 Nergalle


Innate Abilities, Weirdness & Mutations

You can breathe blasts of scalding, opaque steam.
Your pale cyan-grey scales are hard. (AC +7)
You cannot fit into any form of body armour.
You are cold-blooded and may be slowed by cold attacks.
You are immune to the effects of steam.
You are robust. (+10% HP)


Message History

The boulder beetle is heavily wounded.
Casting: Foxfire (safe; 1% risk of failure)
Confirm with . or Enter, or press ? or * to list all spells.
Flames lash the boulder beetle but do no damage.
The foxfire hits the boulder beetle but does no damage.
The boulder beetle is heavily wounded.
Your foxfire is engulfed in freezing vapours.
The foxfire hits the boulder beetle but does no damage.
The boulder beetle is heavily wounded.
The boulder beetle hits you.
The boulder beetle stops rolling and uncurls.
Unknown command.
Casting: Scorch (safe; 1% risk of failure)
Confirm with . or Enter, or press ? or * to list all spells.
Flames lash the boulder beetle.
The boulder beetle is burned terribly!
The boulder beetle is severely wounded.
The boulder beetle bites you!
Unknown command.
Unknown command.
You conjure some foxfire!
The boulder beetle bites you!!
You are too injured to fight recklessly!
Unknown command.
Unknown command.
You hit the boulder beetle. You freeze the boulder beetle.
You tail-slap the boulder beetle, but do no damage.
The boulder beetle is severely wounded.
The foxfire hits the boulder beetle but does no damage.
The boulder beetle is severely wounded.
The foxfire hits the boulder beetle.
The boulder beetle is burned terribly!
The boulder beetle is severely wounded.
The boulder beetle bites you!
* * * LOW HITPOINT WARNING * * *
Unknown command.
As you read the scroll of teleportation, it crumbles to dust.
You feel strangely unstable. The boulder beetle bites you!
* * * LOW HITPOINT WARNING * * *
Unknown command.
The boulder beetle attacks as you move away!
The boulder beetle bites you!!
You die...

##### #.... +...
#####+###..#
........#..
#......#'###
+.......@..#..#
#.......B..+..#
#..........#..#
#..........#..#
####+##....#..#
#...#....#..##
#...#....+...#
+...'....#...#
#####....#'############


You could see a boulder beetle (combustible).

Vanquished Creatures
  2 two-headed ogres
  A cyclops (D:9)
  A manticore (D:9)
  An unseen horror (D:11)
  2 kobold demonologists
  A troll (D:6)
  2 wyverns (D:9)
  9 yaks
  A basilisk (D:9)
  2 steam dragons
  An acid dragon (D:6)
  2 water moccasins
  4 sky beasts
  3 black bears
  2 ice beasts
  6 centaurs
  A phantom (D:5)
  2 bullfrogs
  3 kobold brigands
  2 necrophages
  3 scorpions (D:4)
  3 wights (D:9)
  5 killer bees
  A howler monkey (D:8)
  A jelly (D:7)
  5 orc priests
  2 hounds (D:4)
  5 iguanas
  8 orc wizards
  2 gnolls (D:1)
  7 adders
  3 shadow imps
  A white imp (D:7)
  2 ufetubi
  A worm (D:3)
  22 orcs
  9 ball pythons
  6 endoplasms
  5 giant cockroaches
  3 hobgoblins
  7 jackals
  4 quokkas
  4 bats (D:1)
  2 frilled lizards (D:2)
  8 goblins
  18 kobolds
  6 rats
  A butterfly (D:5)
  3 foxfires
195 creatures vanquished.

Vanquished Creatures (collateral kills)
  An ugly thing (D:9)
1 creature vanquished.

Vanquished Creatures (others)
  An orc wizard (D:6)
  868 foxfires
  A fungus (D:9)
  2 plants (D:9)
872 creatures vanquished.

Grand Total: 1068 creatures vanquished

Notes
Turn   | Place    | Note
-------+----------+-------------------------------------------
     0 | D:1      | Icepheonix32 the Draconian Fire Elementalist began the
                  | quest for the Orb.
     0 | D:1      | Reached XP level 1. HP: 14/14 MP: 3/3
   497 | D:1      | Reached XP level 2. HP: 20/20 MP: 0/5
   997 | D:1      | Found a faded altar of an unknown god.
  1146 | D:1      | Reached XP level 3. HP: 26/26 MP: 0/6
  1303 | D:1      | Found Woykam's Book Boutique.
  1632 | D:2      | Reached skill level 4 in Fire Magic
  1858 | D:2      | Reached XP level 4. HP: 34/34 MP: 3/7
  2888 | D:3      | Found a burning altar of Makhleb.
  2888 | D:3      | Noticed a green death
  2891 | D:3      | Noticed an orange demon
  2891 | D:3      | Noticed a ynoxinul
  3537 | D:3      | Identified the +8 chain mail of Ecror {+Blink rPois}
  3876 | D:4      | Reached XP level 5. HP: 39/39 MP: 4/9
  3939 | D:4      | Learned a level 2 spell: Scorch
  3943 | D:4      | Learned a level 3 spell: Conjure Flame
  4113 | D:4      | Reached XP level 6. HP: 35/46 MP: 5/11
  4231 | D:4      | Reached skill level 1 in Fighting
  4246 | D:4      | Noticed an ice beast
  4253 | D:4      | Killed an ice beast
  4389 | D:4      | Found an ornate altar of the Wu Jian Council.
  4643 | D:5      | Entered Level 5 of the Dungeon
  4685 | D:5      | Reached skill level 5 in Spellcasting
  4685 | D:5      | Your scales start taking on a pale cyan-grey colour.
  4685 | D:5      | Reached skill level 5 in Fire Magic
  4685 | D:5      | Reached XP level 7. HP: 52/52 MP: 9/14
  4685 | D:5      | Gained mutation: You are immune to the effects of steam.
                  | [Pale Draconian growth]
  4855 | D:5      | Reached skill level 6 in Fire Magic
  4874 | D:5      | Found a staircase to the Ecumenical Temple.
  4900 | Temple   | Entered the Ecumenical Temple
  4998 | Temple   | Became a worshipper of Qazlal Stormbringer
  5292 | D:5      | Found an opulent altar of Gozag.
  5376 | D:5      | Reached skill level 7 in Fire Magic
  5637 | D:6      | Noticed a troll
  5644 | D:6      | Killed a troll
  5645 | D:6      | Reached skill level 8 in Fire Magic
  5645 | D:6      | Reached XP level 8. HP: 59/59 MP: 9/15
  5781 | D:6      | Reached skill level 9 in Fire Magic
  6040 | D:6      | Reached skill level 5 in Conjurations
  6081 | D:6      | Gained mutation: You are robust. (+10% HP) [potion of
                  | mutation]
  6131 | D:7      | Reached skill level 10 in Fire Magic
  6174 | D:7      | Found a glowing golden altar of the Shining One.
  6209 | D:7      | Reached XP level 9. HP: 70/70 MP: 13/16
  6226 | D:7      | Learned a level 4 spell: Flame Wave
  6230 | D:7      | Learned a level 3 spell: Inner Flame
  6550 | D:7      | Reached * piety under Qazlal
  6996 | D:7      | Reached skill level 11 in Fire Magic
  7050 | D:7      | Found a white marble altar of Elyvilon.
  7050 | D:7      | Found a hide-covered altar of Uskayaw.
  7499 | D:8      | Noticed a two-headed ogre
  7508 | D:8      | Killed a two-headed ogre
  7509 | D:8      | Reached skill level 1 in Short Blades
  7718 | D:8      | Found an iron altar of Okawaru.
  7770 | D:8      | Reached skill level 12 in Fire Magic
  8168 | D:9      | Reached XP level 10. HP: 65/80 MP: 12/17
  8294 | D:9      | Found a shimmering blue altar of Sif Muna.
  8300 | D:9      | Noticed a two-headed ogre
  8497 | D:9      | Found a sacrificial altar of Ru.
  8517 | D:9      | Noticed a manticore
  8524 | D:9      | Killed a manticore
  8581 | D:9      | Reached skill level 13 in Fire Magic
  8645 | D:9      | Found a staircase to the Lair.
  8738 | D:9      | Reached ** piety under Qazlal
  8770 | D:9      | Noticed a cyclops
  8779 | D:9      | Killed a cyclops
  9301 | D:9      | Found a staircase to the Orcish Mines.
  9318 | D:9      | Noticed a red ugly thing
  9336 | D:9      | Killed a red ugly thing
  9337 | D:9      | Reached skill level 14 in Fire Magic
  9355 | D:9      | Found an ancient bone altar of Kikubaaqudgha.
  9672 | D:9      | Learned a level 3 spell: Tukima's Dance
  9674 | D:9      | Learned a level 1 spell: Slow
  9719 | D:10     | Entered Level 10 of the Dungeon
  9720 | D:10     | Found a basalt altar of Yredelemnul.
  9852 | D:10     | Reached skill level 1 in Hexes
  9951 | D:10     | Noticed Nergalle
 10578 | D:11     | Noticed a two-headed ogre
 10586 | D:11     | Killed a two-headed ogre
 10828 | D:11     | Reached XP level 11. HP: 81/86 MP: 14/18
 10853 | D:11     | Found Hudwuy's Magic Scroll Shop.
 10862 | D:11     | Bought a scroll of identify for 28 gold pieces
 10862 | D:11     | Bought a scroll of identify for 28 gold pieces
 10862 | D:11     | Bought a scroll of identify for 28 gold pieces
 10883 | D:11     | Reached skill level 1 in Shields
 10883 | D:11     | Reached skill level 15 in Fire Magic
 10993 | D:11     | Found Siemarhoko's General Store.
 11001 | D:11     | Bought a potion of curing for 39 gold pieces
 11001 | D:11     | Bought a potion of heal wounds for 65 gold pieces
 11272 | D:11     | Noticed a boulder beetle
 11292 | D:11     | Mangled by a boulder beetle

Illustrated notes

Levels and vault maps discovered:
D:1:      dpeg_arrival_solitude, layout_loops_corners, serial_shops,
          nicolae_lakefront_shop, hellmonk_ecumenical_altar_leap_of_faith
D:2:      layout_rooms, hangedman_decor_push
D:3:      layout_loops_corners, makhleb_altar_promises_db, serial_glass,
          glass_columns_c, glass_columns_c
D:4:      layout_cave_pools, mainiacjoe_overflow_catwalk
D:5:      layout_cave_pods, lemuel_crystal_altar,
          minmay_temple_entry_butterflies
D:6:      layout_rooms
D:7:      layout_basic, mainiacjoe_overflow_24_doors,
          gammafunk_temple_overflow_statue, kennysheep_cross_room
D:8:      layout_loops_cross, nicolae_overflow_hidden_temple,
          nicolae_hexahallways
D:9:      layout_basic, lemuel_tele_altar, lemuel_crystal_altar,
          nicolae_sif_muna_condensation, david_lair_generic, orc_0_dummy,
          kennysheep_generic_room_10
D:10:     layout_basic, mainiacjoe_overflow_tiny_flanked,
          minmay_fractal_squares_diagonal_5, uniq_nergalle
D:11:     layout_gridville, serial_shops, nicolae_square_shop, shop_fountains,
          shop_coins, nicolae_stop_n_shop_1, shop_fountains, uniq_psyche
Temple:   hellmonk_temple_of_storms

Skill      XL: |  1  2  3  4  5  6  7  8  9 10 11 |
---------------+----------------------------------+-----
Fire Magic     | 4 5 8 10 12 14 15 | 15.1
Dodging        | 2 3 4 |  4.0
Spellcasting   | 3 5 |  5.0
Stealth        | 2 |  2.1
Conjurations   | 2 4 5 6 7 |  7.2
Fighting       | 1 2 |  2.1
Short Blades   | 1 |  1.3
Hexes          | 1 |  1.9
Shields        | 1 |  1.0
Maces & Flails | |  0.5

Action                   |  1- 3 |  4- 6 |  7- 9 | 10-12 || total
-------------------------+-------+-------+-------+-------++-------
Melee: Dagger            |    14 |    44 |    36 |       ||    94
       Tailslap          |     2 |     7 |    11 |     3 ||    23
       Short sword       |       |       |    33 |     1 ||    34
       Punch             |       |       |     1 |       ||     1
       Dire flail        |       |       |       |    12 ||    12
 Cast: Foxfire           |    73 |   156 |   178 |   113 ||   520
       Scorch            |       |     5 |    28 |    47 ||    80
       Inner Flame       |       |       |     3 |       ||     3
       Flame Wave        |       |       |     2 |     7 ||     9
 Abil: Breathe Steam     |       |       |     4 |     2 ||     6
  Use: Scroll            |       |     5 |     7 |     8 ||    20
       Potion            |       |       |     1 |     1 ||     2
 Stab: Sleeping          |       |       |     1 |       ||     1
Armor: Skin              |     6 |    18 |    49 |    30 ||   103
Dodge: Dodged            |    16 |    37 |    78 |    62 ||   193
Block: Other             |       |       |     9 |    11 ||    20
